 Dungeon Crawl Stone Soup version 0.13.0-19-g8e0b589 (webtiles) character file.

3125 Kejsarherre the Bludgeoner (level 9, -8/80 HPs)
             Began as an Ogre Hunter on Oct 25, 2013.
             Was an Initiate of the Shining One.
             Mangled by a troll (15 damage)
             ... on Level 8 of the Dungeon.
             The game lasted 00:16:56 (5696 turns).

Kejsarherre the Bludgeoner (Ogre Hunter)            Turns: 5696, Time: 00:16:56

HP  -8/80        AC  4     Str 24      XL: 9   Next: 74%
MP   8/8         EV 10     Int 10      God: the Shining One [......]
Gold 288         SH  0     Dex 10      Spells:  0 memorised,  8 levels left

Res.Fire  : . . .   See Invis. : .   r - +0 giant spiked club
Res.Cold  : . . .   Warding    : .   d - +0 animal skin
Life Prot.: . . .   Conserve   : .   (shield restricted)
Res.Poison: +       Res.Corr.  : .   (helmet restricted)
Res.Elec. : .       Clarity    : .   n - +0 cloak
Sust.Abil.: . .     Spirit.Shd : .   (gloves unavailable)
Res.Mut.  : .       Stasis     : .   (boots unavailable)
Res.Rott. : .       Flight     : .   (no amulet)
Saprovore : + . .                    w - +2 ring of strength
                                     I - cursed ring of poison resistance

@: somewhat resistant to hostile enchantments, unstealthy
A: unfitting armour, fast metabolism 1, saprovore 1, tough skin 1
a: Renounce Religion


You were on level 8 of the Dungeon.
You worshipped the Shining One. the Shining One was noncommittal.
You were very hungry.

You visited 1 branch of the dungeon, and saw 8 of its levels.

You collected 378 gold pieces.
You spent 110 gold pieces at shops.

Inventory:

Hand weapons
 r - a +0,+0 giant spiked club (weapon)
 y - a -1,+1 orcish mace
 A - a +0,+2 orcish mace
Armour
 d - a +0 animal skin (worn)
 n - a +0 cloak (worn)
 s - a +0 storm dragon hide
 Y - a +0 cloak
Magical devices
 L - a wand of lightning (0)
 N - a wand of disintegration (10)
 T - a wand of lightning (6)
 Z - a wand of slowing (15) {unknown}
Comestibles
 a - 3 bread rations
 f - 9 meat rations
 o - a beef jerky
 x - a pear
 z - a honeycomb
Scrolls
 b - 4 scrolls of teleportation
 e - a scroll of enchant weapon II
 g - 2 scrolls of enchant armour {unknown}
 h - 2 scrolls of enchant weapon I
 i - 7 scrolls of remove curse
 k - a scroll of magic mapping
 m - 2 scrolls of recharging
 p - 3 scrolls of curse jewellery {unknown}
 t - 4 scrolls of random uselessness {unknown}
 v - 3 scrolls of fog {unknown}
 C - a scroll of fear {unknown}
 F - 2 scrolls of amnesia {unknown}
 J - a scroll of curse armour {unknown}
 O - a scroll of summoning {unknown}
 W - a scroll of curse weapon {unknown}
Jewellery
 w - a +2 ring of strength (right hand)
 I - a cursed ring of poison resistance (left hand)
Potions
 c - a potion of degeneration {unknown}
 j - 4 potions of heal wounds
 l - 7 potions of curing
 q - 3 potions of poison {unknown}
 u - 2 potions of paralysis {unknown}
 B - a potion of slowing {unknown}
 E - a potion of confusion {unknown}
 G - 3 potions of might {unknown}
 H - 2 potions of mutation {unknown}
 K - a potion of restore abilities {unknown}
 M - a potion of porridge {unknown}
 P - 2 potions of agility {unknown}
 Q - a potion of magic {unknown}
 R - 2 potions of flight {unknown}
Books
 D - a book of Summonings

   Spells                             Type                      Level
   Abjuration                         Summoning                    3
   Recall                             Summoning/Translocation      3
   Summon Elemental                   Summoning                    4
   Shadow Creatures                   Summoning                    5
   Summon Demon                       Summoning                    5
   Summon Ugly Thing                  Summoning                    6


   Skills:
 - Level 2.6 Fighting
 + Level 15.9 Maces & Flails
 - Level 4.3 Throwing
 - Level 1.7 Dodging
 - Level 0.7 Stealth


You had 8 spell levels left.
You didn't know any spells.

Dungeon Overview and Level Annotations

Branches:
Dungeon (8/27)             Temple (0/1) D:6
    Orc: D:6-11        Lair: D:8-13

Altars:
Fedhas
Makhleb
Nemelex Xobeh
Sif Muna
Trog
the Shining One

Shops:
D:5 *   D:7 +


Innate Abilities, Weirdness & Mutations

You are too large for most types of armour.
You have a fast metabolism.
You can tolerate rotten meat.
You have tough skin (AC +1).


Message History

The bolt of lightning hits something.
Evoke which item? (* to show all) (? for menu, Esc to quit)
Zapping:
T - a wand of lightning {zapped: 1}
Press: ? - help, Shift-Dir - straight line, f - you You hear a mighty clap of thunder!
It bites you. It claws you. It claws you.
You closely miss it. It bites you but does no damage. It claws you!
It claws you!
You sock it! It bites you!
* * * LOW HITPOINT WARNING * * *
It claws you!
* * * LOW HITPOINT WARNING * * *
It claws you!
* * * LOW HITPOINT WARNING * * *
You miss it.
You are feeling very hungry.
It bites you!
* * * LOW HITPOINT WARNING * * *
It claws you!
You die...

#...###.###.....###
..................#
#...###..##.#####.#
#...# #...#.# #.#
##### #...#.. #.#
#...###. #.# ######
.# #.# ......###.#
........@.#
.......##.## ####)
#...# #..##..#
#....>.# #.###..#
#......# ####...#
###### #...#


There were no monsters in sight!

Vanquished Creatures
  Maurice (D:8)
  The ghost of AmberJosephineLiu the Slicer, an average KoAr (D:5)
  A hippogriff (D:7)
  An ice beast (D:5)
  2 black bears
  6 ogres
  4 phantoms
  3 centaurs
  A gnoll sergeant (D:7)
  2 eyes of draining (D:7)
  A jelly (D:7)
  A crimson imp (D:6)
  A giant frog zombie (D:7)
  2 orc wizards
  3 hounds
  A scorpion (D:4)
  6 worker ants
  3 gnolls (D:7)
  5 adders
  A giant mite (D:8)
  6 worms
  2 giant eyeballs
  2 giant geckos
  An ooze (D:2)
  17 orcs
  3 ball pythons
  13 bats
  A bat skeleton (D:4)
  12 goblins
  15 hobgoblins
  6 jackals
  6 quokkas
  A giant cockroach (D:3)
  A giant newt (D:1)
  A goblin skeleton (D:4)
  A hobgoblin skeleton (D:6)
  A hobgoblin zombie (D:5)
  10 kobolds
  2 kobold skeletons
  12 rats
  A rat zombie (D:7)
160 creatures vanquished.

Notes
Turn   | Place    | Note
--------------------------------------------------------------
     0 | D:1      | Kejsarherre, the Ogre Hunter, began the quest for the Orb.
     0 | D:1      | Reached XP level 1. HP: 20/20 MP: 0/0
   152 | D:1      | Reached XP level 2. HP: 15/28 MP: 1/1
   471 | D:2      | Reached XP level 3. HP: 26/35 MP: 2/2
   735 | D:2      | Found a sparkling altar of Nemelex Xobeh.
   738 | D:2      | Found a deep blue altar of Sif Muna.
   965 | D:2      | Reached XP level 4. HP: 26/44 MP: 3/3
  1144 | D:3      | Found a burning altar of Makhleb.
  1147 | D:3      | Reached skill level 5 in Maces & Flails
  1264 | D:3      | Reached skill level 6 in Maces & Flails
  1401 | D:3      | Reached XP level 5. HP: 37/50 MP: 4/4
  1743 | D:3      | Reached skill level 7 in Maces & Flails
  1845 | D:4      | Noticed an ogre
  1855 | D:4      | Killed an ogre
  1855 | D:4      | Reached skill level 8 in Maces & Flails
  1855 | D:4      | Reached XP level 6. HP: 20/58 MP: 5/5
  2312 | D:4      | Reached skill level 9 in Maces & Flails
  2617 | D:4      | Reached XP level 7. HP: 61/66 MP: 6/6
  2632 | D:4      | Noticed a phantom
  2675 | D:5      | Entered Level 5 of the Dungeon
  3015 | D:4      | Killed a phantom
  3266 | D:4      | Reached skill level 10 in Maces & Flails
  3504 | D:5      | Found Bojezum's General Store.
  3512 | D:5      | Bought a scroll of recharging for 71 gold pieces
  3512 | D:5      | Bought a scroll of remove curse for 39 gold pieces
  3619 | D:5      | HP: 3/66 [ice beast (10)]
  3649 | D:5      | Noticed AmberJosephineLiu's ghost (average KoAr)
  3661 | D:5      | Killed AmberJosephineLiu's ghost
  3661 | D:5      | Reached skill level 11 in Maces & Flails
  3661 | D:5      | Reached XP level 8. HP: 20/74 MP: 7/7
  3716 | D:5      | Paralysed by a giant eyeball for 4 turns
  3955 | D:6      | Reached skill level 12 in Maces & Flails
  3979 | D:6      | Paralysed by a giant eyeball for 4 turns
  4249 | D:6      | Found a glowing golden altar of the Shining One.
  4266 | D:6      | Became a worshipper of the Shining One
  4315 | D:6      | Found a blossoming altar of Fedhas.
  4424 | D:6      | Found a staircase to the Ecumenical Temple.
  4602 | D:7      | Reached skill level 13 in Maces & Flails
  4806 | D:7      | Reached XP level 9. HP: 47/80 MP: 8/8
  4858 | D:7      | Found Trelenes' Book Shop.
  4962 | D:7      | Reached skill level 14 in Maces & Flails
  4980 | D:7      | Found a bloodstained altar of Trog.
  5333 | D:8      | Noticed Maurice
  5391 | D:8      | Killed Maurice
  5391 | D:8      | Reached skill level 15 in Maces & Flails
  5696 | D:8      | Mangled by a troll

Action                   |  1- 3 |  4- 6 |  7- 9 || total
-------------------------+-------+-------+-------++-------
Melee: Club              |   138 |    59 |       ||   197
       Mace              |       |   121 |    91 ||   212
       Giant spiked club |       |       |    87 ||    87
Throw: Large rock        |    14 |    25 |    37 ||    76
       Throwing net      |     1 |     3 |       ||     4
Evoke: Wand              |       |       |    15 ||    15
  Use: Potion            |       |     1 |     1 ||     2
       Scroll            |       |       |     9 ||     9
 Stab: Held in net/web   |       |     3 |       ||     3
